 Dungeon Crawl Stone Soup version 0.19.0-2-gae57169 (webtiles) character file.

63 imganon the Chopper (level 3, -6/29 HPs)
             Began as a Demonspawn Berserker on Nov 5, 2016.
             Was a Believer of Trog.
             Mangled by a hobgoblin
             ... wielding a +0 club
              (7 damage)
             ... on level 2 of the Dungeon.
             The game lasted 00:01:33 (1520 turns).

imganon the Chopper (Demonspawn Berserker)          Turns: 1520, Time: 00:01:34

Health: -6/29      AC:  2    Str: 20    XL:     3   Next: 89%
Magic:  3/3        EV: 17    Int:  8    God:    Trog [**....]
Gold:   54         SH:  0    Dex: 17    Spells: 0 memorised, 2 levels left

rFire  . . .     SeeInvis .     a - +0 hand axe
rCold  . . .     Gourm    .     b - +0 animal skin
rNeg   . . .     Faith    .     (no shield)
rPois  .         Spirit   .     (no helmet)
rElec  .         Reflect  .     (no cloak)
rCorr  .         Harm     .     (no gloves)
MR     .....                    (no boots)
Stlth  +++.......               (no amulet)
                                (no ring)
                                (no ring)

@: agile, lethally poisoned (-6 -> -18)
A: demonic guardian 1, strong 1
a: Berserk, Trog's Hand, Burn Spellbooks, Renounce Religion


You were on level 2 of the Dungeon.
You worshipped Trog.
Trog was pleased with you.
You were not hungry.

You visited 1 branch of the dungeon, and saw 2 of its levels.

You collected 54 gold pieces.

Inventory:

Hand Weapons
 a - a +0 hand axe (weapon)
Armour
 b - a +0 animal skin (worn)
Scrolls
 e - 2 scrolls of identify {unknown}
Potions
 i - a potion of curing {unknown}
Comestibles
 c - a bread ration
 f - 4 fruits


   Skills:
 - Level 3.0 Fighting
 + Level 4.4 Axes
 - Level 1.7 Armour
 - Level 1.7 Dodging


You had 2 spell levels left.
You didn't know any spells.

Dungeon Overview and Level Annotations

Branches:
Dungeon (2/15)

Altars:


Innate Abilities, Weirdness & Mutations

A weak demonic guardian rushes to your aid.
Your muscles are strong. (Str +2)


Message History

You are more poisoned.
The adder poisons you!
Unknown command.
It was a potion of agility.
You feel agile all of a sudden.
You feel sick. The adder barely misses you. The hobgoblin hits you with a club.
* * * LOW HITPOINT WARNING * * *
It was a potion of magic.
Magic courses through your body. The adder misses you.
The hobgoblin misses you. The adder bites you.
* * * LOW HITPOINT WARNING * * *
You are more poisoned.
The adder poisons you!
It was a potion of beneficial mutation.
You feel stronger.
You feel fantastic!
* * * LOW HITPOINT WARNING * * *
You feel sick. The adder bites you.
* * * LOW HITPOINT WARNING * * *
The hobgoblin hits you with a club!
You die...

#..# ##..# #########
#..## #.......# ## ##..#
#.......# .### #..##
#.......# ...###).#
#.......# ##.##...#
#.......# ##..#..##
#.g.....# ###....#
#@S.....#
...#...#########.......#
........................
.............###.......#
....#........# ###...###
..#.....)....# ###.#.#
.............##....#.#
...............># ##.# #
..............### #.# .#


You could see an adder and a hobgoblin.

Vanquished Creatures
  An adder (D:2)
  An ooze (D:2)
  A dart slug (D:2)
  3 leopard geckos
  A ball python (D:1)
  4 goblins
  4 hobgoblins
  2 jackals (D:1)
  5 bats
  3 frilled lizards (D:2)
  4 kobolds
  5 rats
34 creatures vanquished.

Vanquished Creatures (collateral kills)
  An adder (D:2)
  An ooze (D:2)
2 creatures vanquished.

Grand Total: 36 creatures vanquished

Notes
Turn   | Place    | Note
-------+----------+-------------------------------------------
     0 | D:1      | imganon the Demonspawn Berserker began the quest for the Orb.
     0 | D:1      | Reached XP level 1. HP: 18/18 MP: 1/1
   101 | D:1      | Reached skill level 3 in Axes
   306 | D:1      | Gained mutation: A weak demonic guardian rushes to your aid. [demonic ancestry]
   306 | D:1      | Reached XP level 2. HP: 24/24 MP: 2/2
  1062 | D:2      | Reached XP level 3. HP: 26/29 MP: 3/3
  1065 | D:2      | Reached skill level 4 in Axes
  1328 | D:2      | Reached ** piety under Trog
  1520 | D:2      | Gained mutation: Your muscles are strong. (Str +2) [potion of beneficial mutation]
  1520 | D:2      | HP: 1/29 [adder (3)]
  1520 | D:2      | Mangled by a hobgoblin

Skill      XL: |  1  2  3 |
---------------+----------+-----
Axes           | 3 4 |  4.4
Fighting       | |  3.0
Armour         | |  1.7
Dodging        | |  1.7

Action                   || total
-------------------------++-------
Melee: Hand axe          ||   104
  Use: Potion            ||     3
  Eat: Chunk             ||     2
Armor: Animal skin       ||    22
Dodge: Dodged            ||    70
